 Dungeon Crawl Stone Soup version 0.28.0-1-gb440e238dd (webtiles) character file.

Game seed: 8480847416369103378

14 sanka the Conjurer (level 2, 19/19 HPs)
             Began as a Merfolk Conjurer on Feb 22, 2022.
             Was a Follower of Zin.
             Quit the game on level 1 of the Dungeon.
             The game lasted 00:01:29 (914 turns).

sanka the Conjurer (Merfolk Conjurer)                Turns: 914, Time: 00:01:29

Health: 19/19      AC:  2    Str:  7    XL:     2   Next: 45%
Magic:  5/5        EV: 12    Int: 17    God:    Zin [*.....]
Gold:   23         SH:  0    Dex: 12    Spells: 4/5 levels left

rFire   . . .      SeeInvis .   b - +0 hand axe
rCold   . . .      Faith    .   (no shield)
rNeg    . . .      Spirit   .   a - +0 robe
rPois   .          Reflect  .   (no helmet)
rElec   .          Harm     .   (no cloak)
rCorr   .          Rampage  .   (no gloves)
Will    .....                   (no boots)
Stlth   ++........              (no amulet)
HPRegen 0.06/turn               (no ring)
MPRegen 0.09/turn               (no ring)

@: no status effects
A: (nimble swimmer 2), mertail
a: Renounce Religion, Recite, Donate Gold


You were on level 1 of the Dungeon.
You worshipped Zin.
Zin was aware of your devotion.
You visited 1 branch of the dungeon, and saw 1 of its levels.

You collected 25 gold pieces.
You donated 2 gold pieces to Zin.

Inventory:

Hand Weapons
 b - a +0 hand axe (weapon)
Armour
 a - a +0 robe (worn)
Scrolls
 c - a scroll of blinking {unknown}


   Skills:
 - Level 2.6 Dodging
 - Level 2.1 Stealth
 - Level 2.0 Spellcasting
 + Level 3.8 Conjurations


You had 4 spell levels left.
You knew the following spells:

 Your Spells              Type           Power      Damage    Failure   Level
a - Magic Dart            Conj           56%        1d5       4%          1

Your spell library contained the following spells:

 Spells                   Type           Power      Damage    Failure   Level
 Searing Ray              Conj           28%        2d5       6%          2
 Dazzling Flash           Conj/Hex       16%        N/A       26%         3
 Fulminant Prism          Conj/Hex       4%         3d6       65%         4
 Iskenderun's Mystic Bla  Conj/Tloc      8%         2d4       65%         4


Dungeon Overview and Level Annotations

Branches:
Dungeon (1/15)

Altars:
Zin


Innate Abilities, Weirdness & Mutations

((You are very nimble when in or above water. (Stealth+, EV+, Speed+++)))
Your lower body shifts to a powerful aquatic tail in water.


Message History

The magic dart hits the jackal but does no damage.
The jackal is heavily wounded.
The jackal barely misses you. The jackal completely misses you.
You hit the jackal.
You kill the jackal!
The jackal bites you.
You hit the jackal but do no damage. The jackal bites you. x2
You are too injured to fight recklessly!
You are too injured to fight recklessly!
You are too injured to fight recklessly!
You barely miss the jackal. The jackal misses you.
The jackal barely misses you.
You hit the jackal but do no damage. The jackal barely misses you.
The jackal closely misses you.
You hit the jackal.
The jackal is severely wounded.
The jackal completely misses you.
You closely miss the jackal.
The jackal is severely wounded.
The jackal barely misses you. The jackal closely misses you.
You hit the jackal.
You kill the jackal!
You see here a jackal corpse.
You start resting.
Magic restored.
You start resting.
HP restored.
Found a faded altar of an unknown god.
Found a leather armour.
A jackal comes into view.
There is a faded altar of an unknown god here.
Unknown command.
Press < or > to pray at altars.
There is a faded altar of an unknown god here.
You cannot tell which god this altar belongs to.
Convert to them anyway?
Zin accepts your prayer! Zin welcomes you!
You pay a tithe of 2 gold.
You can now donate money to Zin.
You can now recite Zin's Axioms of Law.
Are you sure you want to abandon this character and quit the game? (Confirm with "yes".)

#... ..# #... ..####
#... ....# #... #...#
#... #...# #... #...#
#... ##...## # #.#.
##..@..## .# #.#.
#.[.ยง...## ..# #(#.
#...###...## ...#
#.#. #...#
##...#....# #.#.
#...#######.......#
#.#.
#.#.............#####
#... .#..........####
####... ...........#
#......
###..........#
#......


There were no monsters in sight!

Vanquished Creatures
  An endoplasm (D:1)
  3 giant cockroaches (D:1)
  2 hobgoblins (D:1)
  3 jackals (D:1)
  A kobold (D:1)
  A rat (D:1)
11 creatures vanquished.

Notes
Turn   | Place    | Note
-------+----------+-------------------------------------------
     0 | D:1      | sanka the Merfolk Conjurer began the quest for the Orb.
     0 | D:1      | Reached XP level 1. HP: 13/13 MP: 3/3
   590 | D:1      | Reached XP level 2. HP: 18/19 MP: 1/5
   904 | D:1      | Found a faded altar of an unknown god.
   913 | D:1      | Prayed at the altar of an unknown god.
   913 | D:1      | Became a worshipper of Zin the Law-Giver
   913 | D:1      | Reached * piety under Zin
   914 | D:1      | Quit the game

Illustrated notes

Levels and vault maps discovered:
D:1:      dpeg_arrival_long_road, layout_basic,
          hellmonk_ecumenical_altar_crossroads, st_stairs_8, minmay_tetromino_t2

Action                   || total
-------------------------++-------
Melee: Unarmed           ||    16
       Hand axe          ||    20
 Cast: Magic Dart        ||    22
  Use: Potion            ||     1
Armor: Robe              ||    12
Dodge: Dodged            ||    48
